 Dungeon Crawl Stone Soup version 0.29.1-13-g9f3cf754e1 (webtiles) character file.

Game seed: 15565289236872532422

4106 sankara the Arsonist (level 10, -1/71 HPs)
             Began as a Red Draconian Ice Elementalist on Feb 10, 2023.
             Was an Initiate of Gozag.
             Slain by a skeletal warrior
             ... wielding a +0 mace
              (14 damage)
             ... on level 7 of the Dungeon.
             The game lasted 00:36:04 (10245 turns).

sankara the Arsonist (DrIE)                        Turns: 10245, Time: 00:36:05

Health: -1/71      AC: 13    Str: 10    XL:     10   Next: 6%
Magic:  6/17       EV: 13    Int: 20    God:    Gozag
Gold:   490        SH:  5    Dex: 12    Spells: 6/19 levels left

rFire   + . .      SeeInvis .   a - +2 dagger (protect)
rCold   . . .      Faith    .   f - +0 buckler
rNeg    . . .      Spirit   .   (body armour unavailable)
rPois   .          Reflect  .   (helmet restricted)
rElec   .          Harm     .   (no cloak)
rCorr   .          Rampage  .   l - +0 pair of gloves
Will    .....                   s - +0 pair of boots
Stlth   ++........              (no amulet)
HPRegen 0.21/turn               (no ring)
MPRegen 0.15/turn               r - +4 ring of protection

@: brilliant, very slightly contaminated
A: breathe fire, AC +7, unfitting armour, fire resistance 1, cold-blooded
a: Breathe Fire, Renounce Religion, Potion Petition, Call Merchant, Bribe Branch


You were on level 7 of the Dungeon.
You worshipped Gozag.
Gozag was aware of your devotion.
You visited 1 branch of the dungeon, and saw 7 of its levels.
You also visited: Sewer.

You collected 706 gold pieces.
You spent 108 gold pieces at shops.
You paid 108 gold pieces to Gozag.

Inventory:

Hand Weapons
 a - a +2 dagger of protection (weapon)
 d - a +0 sling
 p - a +0 antimagic short sword
 v - a +4 dagger
Missiles
 u - 31 poisoned darts (quivered)
 y - 6 atropa-tipped darts
Armour
 f - a +0 buckler (worn)
 g - an orb of mayhem
 l - a +0 pair of gloves (worn)
 s - a +0 pair of boots (worn)
Jewellery
 h - the amulet "Pemoriapn" {Spirit rCorr Str+6}
   (You took it off a wight on level 6 of the Dungeon)

   [amulet of guardian spirit]

   It causes incoming damage to be divided between your reserves of health and
   magic.
   Str:       It affects your strength (+6).
   rCorr:     It protects you from acid and corrosion.
 i - the ring of Rucwy {*Corrode rElec rF+ MP+9 Int+2}
   (You took it off a wight on level 7 of the Dungeon)

   [ring of magical power]

   Int:       It affects your intelligence (+2).
   rF:        It protects you from fire.
   rElec:     It insulates you from electricity.
   MP:        It affects your magic capacity (+9).
   *Corrode:  It may corrode you when you take damage.
 j - a ring of ice
 r - a +4 ring of protection (right hand)
 B - the ring of Lies {rF+ Str+3}
   (You took it off a centaur on level 7 of the Dungeon)

   [ring of protection from fire]

   Str:       It affects your strength (+3).
   rF:        It protects you from fire.
Wands
 e - a wand of iceblast (1)
 C - a wand of polymorph (4)
Scrolls
 b - a scroll of magic mapping
 k - 3 scrolls of butterflies
Potions
 c - 4 potions of curing
 m - 3 potions of invisibility
 n - 2 potions of ambrosia
 o - a potion of brilliance
 q - a potion of heal wounds
 t - 5 potions of attraction {unknown}
 w - 2 potions of resistance {unknown}
 x - a potion of flight {unknown}
 z - a potion of lignification {unknown}
 A - a potion of might


   Skills:
 - Level 1.0 Fighting
 - Level 4.2 Dodging
 - Level 3.2 Stealth
 - Level 5.0 Shields
 - Level 5.0 Spellcasting
 * Level 6.7 Conjurations
 * Level 9.7 Fire Magic
 - Level 4.8 Ice Magic


You had 6 spell levels left.
You knew the following spells:

 Your Spells              Type           Power      Damage    Failure   Level
a - Freeze                Ice            100%       1d11      1%          1
b - Frozen Ramparts       Ice            72%        1d11      6%          3
c - Ozocubu's Armour      Ice            36%        N/A       6%          3
d - Starburst             Conj/Fire      27%        6d9       61%         6

Your spell library contained the following spells:

 Spells                   Type           Power      Damage    Failure   Level
 Inner Flame              Hex/Fire       36%        N/A       6%          3
 Ensorcelled Hibernation  Hex/Ice        44%        N/A       9%          2
 Dazzling Flash           Conj/Hex       54%        N/A       11%         3
 Hailstorm                Conj/Ice       42%        3d10      14%         4
 Poisonous Vapours        Pois/Air       14%        N/A       22%         2
 Iskenderun's Mystic Bla  Conj/Tloc      27%        2d7       36%         4
 Spider Form              Tmut/Pois      7%         N/A       41%         3
 Anguish                  Hex/Necr       3%         N/A       82%         4
 Cause Fear               Hex            3%         N/A       82%         4
 Discord                  Hex            3%         N/A       100%        8
 Corpse Rot               Necr/Pois/Air  Unusable   N/A       N/A         4

Dungeon Overview and Level Annotations

Branches:
Dungeon (7/15)             Temple (0/1) D:7           Sewer (visited)

Altars:
Fedhas
Gozag
Nemelex Xobeh
Qazlal
Xom

Shops:
D:6 [

Annotations:
D:3 3 runed translucent doors, sankara's ghost, amateur HOFi
D:5 Eustachio; Menkaure
D:7 2 transporters, gargbit's ghost, novice OpFi


Innate Abilities, Weirdness & Mutations

You can breathe blasts of fire.
Your fiery red scales are hard. (AC +7)
You cannot fit into any form of body armour.
Your flesh is heat resistant. (rF+)
You are cold-blooded and may be slowed by cold attacks.


Message History

Casting: Starburst (extremely dangerous; 61% risk of failure)
Confirm with . or Enter, or press ? or * to list all spells.
The spell is extremely dangerous to miscast (61% risk of failure)!
Continue anyway?
Casting: Starburst (extremely dangerous; 61% risk of failure)
Press: ? - help, Dir - look around, f - activate You feel a surge of power!
The bolt of fire hits the skeletal warrior!
The skeletal warrior resists.
The skeletal warrior is lightly damaged.
The skeletal warrior completely misses you.
Casting: Starburst (extremely dangerous; 61% risk of failure)
Confirm with . or Enter, or press ? or * to list all spells.
The spell is extremely dangerous to miscast (61% risk of failure)!
Continue anyway?
Casting: Starburst (extremely dangerous; 61% risk of failure)
Press: ? - help, Dir - look around, f - activate You feel a surge of power!
The bolt of fire hits the skeletal warrior!
The skeletal warrior resists.
The skeletal warrior is moderately damaged.
The skeletal warrior hits you but does no damage.
Casting: Starburst (extremely dangerous; 61% risk of failure)
Confirm with . or Enter, or press ? or * to list all spells.
The spell is extremely dangerous to miscast (61% risk of failure)!
Continue anyway?
Casting: Starburst (extremely dangerous; 61% risk of failure)
Press: ? - help, Dir - look around, f - activate You feel a surge of power!
You miscast Starburst.
A wave of violent energy washes through your body!!
You block the skeletal warrior's attack.
Unknown command.
Okay, then.
The skeletal warrior attacks as you move away!
The skeletal warrior hits you with a +0 mace!!
* * * LOW HITPOINT WARNING * * *
The skeletal warrior attacks as you move away!
The skeletal warrior barely misses you.
Okay, then.
The skeletal warrior attacks as you move away!
The skeletal warrior hits you with a +0 mace!
You die...
Your body crumbles into a pile of gold.

## ### ####. ## ##.#
##...# #.###..###
#...$## #........#
#....<#
######....###..##
#....$.
.........z#####..#
#......
#####.....@## #..#
#...### ##......#
#...##[###
#..##...###.....##
##..####..........##
#########..##
#..........####
###..........#
..............
...........###
>...........##
.....#.8#8.#
..###########
##..##.#(#.# #


You could see a skeletal warrior.

Vanquished Creatures
  A hydra (D:7)
  An ugly thing (D:7)
  A komodo dragon (D:7)
  2 trolls (D:7)
  2 steam dragons
  A vampire mosquito (D:7)
  An orc warrior (D:5)
  3 black bears
  3 centaurs
  2 kobold brigands
  A scorpion (D:7)
  A necrophage (D:5)
  3 bullfrogs (D:7)
  4 wights
  3 killer bees
  A howler monkey (D:6)
  4 hounds
  2 orc priests
  2 gnoll boudas (D:7)
  3 iguanas
  3 orc wizards
  A hell rat (Sewer)
  3 river rats (Sewer)
  7 adders
  2 white imps
  4 worms
  4 dart slugs
  21 orcs
  3 endoplasms
  8 giant cockroaches
  3 hobgoblins
  21 kobolds
  5 quokkas
  4 ball pythons
  7 bats
  6 frilled lizards
  9 goblins
  13 rats
165 creatures vanquished.

Vanquished Creatures (others)
  A hound (D:7)
  2 fungi (D:3)
  2 plants (D:3)
5 creatures vanquished.

Grand Total: 170 creatures vanquished

Notes
Turn   | Place    | Note
-------+----------+-------------------------------------------
     0 | D:1      | sankara the Draconian Ice Elementalist began the quest for
                  | the Orb.
     0 | D:1      | Reached XP level 1. HP: 14/14 MP: 3/3
   292 | D:1      | Reached XP level 2. HP: 20/20 MP: 1/5
  1081 | D:1      | Found a faded altar of an unknown god.
  1328 | D:2      | Reached XP level 3. HP: 23/26 MP: 1/6
  1334 | D:2      | Learned a level 3 spell: Frozen Ramparts
  1724 | D:2      | You fall into a shaft and drop 2 floors!
  1732 | D:4      | Reached XP level 4. HP: 33/33 MP: 3/7
  1736 | D:4      | Learned a level 3 spell: Ozocubu's Armour
  1772 | D:4      | Found a blossoming altar of Fedhas.
  1900 | D:3      | Noticed a kobold brigand
  1901 | D:3      | Noticed sankara's ghost (amateur HOFi)
  1902 | D:3      | Found a runed translucent gate.
  1902 | D:3      | Found a runed translucent gate.
  1902 | D:3      | Found a runed translucent gate.
  2733 | D:3      | Reached skill level 5 in Ice Magic
  3074 | D:3      | Reached XP level 5. HP: 37/38 MP: 6/9
  3326 | D:3      | Found a shimmering altar of Xom.
  3331 | D:3      | Found a stormy altar of Qazlal.
  3967 | D:4      | Found a sparkling altar of Nemelex Xobeh.
  4254 | D:4      | Reached skill level 1 in Fighting
  4577 | D:4      | Reached XP level 6. HP: 47/47 MP: 6/10
  5296 | D:5      | Entered Level 5 of the Dungeon
  5302 | D:5      | Learned a level 4 spell: Hailstorm
  5493 | D:5      | Noticed Menkaure
  5571 | D:5      | Reached skill level 1 in Conjurations
  5626 | D:5      | Noticed Eustachio
  5675 | D:5      | Noticed an orc warrior
  5692 | D:5      | Killed an orc warrior
  5848 | D:5      | Your scales start taking on a fiery red colour.
  5848 | D:5      | Reached XP level 7. HP: 51/52 MP: 1/12
  5848 | D:5      | Gained mutation: Your flesh is heat resistant. (rF+) [Red
                  | Draconian growth]
  6094 | D:6      | Found Fecvoeth's Antique Armour Boutique.
  6098 | D:6      | Noticed a steam dragon
  6106 | D:6      | Killed a steam dragon
  6109 | D:6      | Bought a buckler for 108 gold pieces
  6156 | D:6      | Found a glowing drain.
  6282 | Sewer    | Entered a sewer
  6634 | D:6      | Reached skill level 1 in Shields
  6817 | D:6      | Found an opulent altar of Gozag.
  6849 | D:6      | Became a worshipper of Gozag Ym Sagoz the Greedy
  7010 | D:6      | Reached XP level 8. HP: 59/59 MP: 7/14
  7925 | D:6      | Learned a level 6 spell: Starburst
  7937 | D:7      | Found a transporter.
  7948 | D:7      | Reached skill level 1 in Fire Magic
  7952 | D:7      | Noticed gargbit's ghost (novice OpFi)
  7961 | D:7      | Noticed a moth of wrath
  8059 | D:7      | Reached skill level 2 in Fire Magic
  8077 | D:7      | Noticed a troll
  8087 | D:7      | Reached skill level 5 in Conjurations
  8090 | D:7      | Reached skill level 3 in Fire Magic
  8092 | D:7      | Noticed a cyan ugly thing
  8094 | D:7      | Killed a troll
  8095 | D:7      | Reached skill level 5 in Spellcasting
  8095 | D:7      | Reached skill level 4 in Fire Magic
  8100 | D:7      | Reached skill level 5 in Fire Magic
  8100 | D:7      | Reached XP level 9. HP: 44/64 MP: 12/16
  8106 | D:7      | Noticed a komodo dragon
  8108 | D:7      | Killed a cyan ugly thing
  8109 | D:7      | Reached skill level 6 in Fire Magic
  8111 | D:7      | Identified the ring of Lies {rF+ Str+3}
  8114 | D:7      | Killed a komodo dragon
  8115 | D:7      | Reached skill level 7 in Fire Magic
  8119 | D:7      | Noticed a troll
  8608 | D:7      | Killed a troll
  8609 | D:7      | Reached skill level 5 in Shields
  8609 | D:7      | Reached skill level 8 in Fire Magic
  8698 | D:7      | Found a transporter.
  8866 | D:7      | Identified the ring of Amelioration {Fire Dex+6}
  8866 | D:7      | Noticed a skeletal warrior
  8937 | D:7      | Noticed a four-headed hydra
  8955 | D:7      | Killed a four-headed hydra
  8956 | D:7      | Reached skill level 9 in Fire Magic
  9292 | D:7      | Identified the amulet "Pemoriapn" {Spirit rCorr Str+6}
  9310 | D:7      | Identified the ring of Rucwy {*Corrode rElec rF+ MP+9
                  | Int+2}
  9481 | D:7      | Reached XP level 10. HP: 46/71 MP: 7/17
 10084 | D:7      | Found a staircase to the Ecumenical Temple.
 10245 | D:7      | Slain by a skeletal warrior

Illustrated notes

Levels and vault maps discovered:
D:1:      dpeg_arrival_fog, layout_basic, serial_corexii_hall,
          chequers_hall_statues_y, corexii_hall_statues_l,
          dilly_ecumenical_altar_fadedgnrine
D:2:      layout_basic, minmay_pentomino_pile
D:3:      layout_loops_corners, mainiacjoe_overflow_big_doors,
          gammafunk_ghost_nasty_kobolds
D:4:      layout_loops_ring, mainiacjoe_overflow_brackets,
          mainiacjoe_overflow_24_doors, serial_co_window_serial,
          co_window_of_opportunity_a, co_window_corner_a, co_window_cross_1,
          co_window_paths_a, co_window_paths_a, co_window_corner_b,
          co_window_2corner, co_window_broadway_c, co_window_unsneaky_path_b,
          co_window_unsneaky_path_d, co_window_of_opportunity_c,
          glass_columns_a, glass_columns_a, glass_columns_c, glass_columns_c,
          glass_columns_a, grunt_ministairs_12, amcnicky_mini_pool_small,
          minmay_misc_feat_hallway, serial_bayou_pond_d
D:5:      layout_loops_ring, uniq_eustachio, uniq_menkaure
D:6:      layout_basic, nicolae_gozag_seed_capital, gup_sewer_entry_bowl,
          serial_shops, nicolae_shop_stone
D:7:      minmay_the_grid_triangle_9x9_recursive_2
          [minmay_the_grid_triangle_9x9_prize_special,
          minmay_the_grid_triangle_9x9_sprig,
          minmay_the_grid_triangle_9x9_minimal,
          minmay_the_grid_triangle_9x9_flanged_cone], layout_layer_cave,
          minmay_temple_entry_statues_pillars,
          gammafunk_ghost_berserking_beasts, minmay_statues_item

Skill      XL: |  1  2  3  4  5  6  7  8  9 |
---------------+----------------------------+-----
Stealth        | 2 3 |  3.2
Dodging        | 2 3 4 |  4.2
Ice Magic      | 5 4 |  4.8
Fighting       | 1 |  1.0
Spellcasting   | 3 4 5 |  5.0
Conjurations   | 2 4 5 6 |  6.7
Shields        | 1 3 5 |  5.0
Fire Magic     | 5 9 |  9.7

Action                   |  1- 3 |  4- 6 |  7- 9 | 10-12 || total
-------------------------+-------+-------+-------+-------++-------
Melee: Dagger            |    11 |    58 |   138 |    23 ||   230
       Tailslap          |     3 |     6 |    30 |     4 ||    43
Throw: Dart              |       |     4 |     5 |       ||     9
 Cast: Freeze            |    41 |    14 |    61 |     1 ||   117
       Frozen Ramparts   |     5 |    34 |    31 |     4 ||    74
       Ozocubu's Armour  |       |    16 |    17 |     5 ||    38
       Starburst         |       |       |     1 |     2 ||     3
Evoke: Wand              |       |       |     7 |       ||     7
  Use: Scroll            |       |       |    15 |       ||    15
       Potion            |       |       |     1 |     1 ||     2
 Stab: Sleeping          |     1 |     1 |       |       ||     2
Armor: Skin              |    10 |    26 |   120 |    21 ||   177
Dodge: Dodged            |    23 |    29 |   131 |    21 ||   204
Block: Buckler           |       |       |    34 |     8 ||    42
